AoeStats
← THE RULER

Enclosed

503817830Analyzed
1v1 RM · 29d ago on Sep 2, 2026· 44m 52s· 2 players
Game mode
Random Map
Map size
Tiny (2 player)
Population
200
Speed
Normal
Resources
Standard
Victory
Conquest
Starting age
Dark Age
Ending age
Imperial Age
RankedLock teamsTeams togetherTeam positionsShared explorationLock speedFull tech treeHidden civsTurbo modeCheats
Victory
Defeat
🇵🇰 Khitans · Pakistan
1892
+26
🇷🇺 Spanish · Russia
2144
-26
THE RULER
6:13 Loom
8:53 Feudal Age
9:56 Double-Bit Axe
10:24 Domestication
17:38 Fletching
20:11 Castle Age
19:14 Fletching
19:25 Padded Archer Armor
20:31 Gold Mining
20:37 Heavy Cavalry Archer
21:53 Bow Saw
21:45 Bodkin Arrow
24:01 Ballistics
25:27 Husbandry
27:52 Wheelbarrow
27:07 Town Watch
28:35 Thumb Ring
31:42 Hand Cart
31:23 Stone Mining
34:34 Stone Shaft Mining
37:04 Imperial Age
35:29 Scale Barding Armor
35:35 Forging
38:00 Bracer
38:22 Chain Barding Armor
38:38 Iron Casting
37:25 Heavy Camel Rider
39:34 Conscription
40:08 Parthian Tactics
40:28 Plate Barding Armor
42:08 Leather Archer Armor
43:12 Two-Man Saw
44:19 Ordo Cavalry
44:34 Light Cavalry
TRMA | The_Beatleman
8:45 Feudal Age
9:12 Loom
9:19 Double-Bit Axe
9:56 Horse Collar
19:44 Castle Age
19:43 Padded Archer Armor
20:45 Husbandry
21:24 Scale Barding Armor
21:37 Leather Archer Armor
21:27 Gold Mining
23:04 Wheelbarrow
25:54 Bloodlines
35:01 Ballistics
38:13 Imperial Age
36:48 Caravan
37:35 Scale Barding Armor
37:13 Light Cavalry
37:49 Town Watch
39:58 Chemistry
39:20 Chain Barding Armor
39:45 Conscription
40:56 Plate Barding Armor
41:16 Ring Archer Armor
42:48 Plate Barding Armor
42:32 Forging
Connection lost

Rejoining the realm…

Still unreachable

The connection could not be restored.

Session expired

The server has moved on; the page needs a fresh start.